 Dungeon Crawl Stone Soup version 0.17-a0-764-gd40c196 (webtiles) character file.

74 Lokkij the Poker (level 4, 0/33 HPs)
             Began as a Merfolk Skald on Apr 23, 2015.
             Killed by divine providence
             ... invoked by an orc priest
              (13 damage)
             ... on level 2 of the Dungeon.
             The game lasted 00:04:52 (2162 turns).

Lokkij the Poker (Merfolk Skald)                    Turns: 2162, Time: 00:04:52

Health: 0/33       AC:  9    Str: 12    XL:     4   Next: 30%
Magic:  7/7        EV: 11    Int: 12    God:
Gold:   129        SH:  0    Dex: 13    Spells: 2 memorised, 4 levels left

rFire  . . .     SeeInvis .     i - +1 halberd (protect)
rCold  . . .     Clarity  .     b - +1 leather armour
rNeg   + . .     SustAb   .     (no shield)
rPois  .         Gourm    .     (no helmet)
rElec  .         Spirit   .     (no cloak)
rCorr  .         Warding  +     (no gloves)
rMut   .         Stasis   .     (no boots)
MR     .....                    p - amulet of warding
Stlth  +.........               (no ring)
                                (no ring)

@: not resistant to hostile enchantments, very unstealthy
A: change form in water, swift swim
a: no special abilities


You were on level 2 of the Dungeon.
You were hungry.

You visited 1 branch of the dungeon, and saw 3 of its levels.

You collected 129 gold pieces.

Inventory:

Hand weapons
 a - a +0 spear
 i - a +1 halberd of protection (weapon)
Missiles
 g - 7 tomahawks of returning (quivered)
Armour
 b - a +1 leather armour (worn)
Jewellery
 p - an amulet of warding (around neck)
Scrolls
 e - a scroll of teleportation
 h - a scroll of recharging
 m - a scroll of enchant weapon
 n - a scroll of identify
Potions
 o - a potion of degeneration
 q - a potion of flight {unknown}
Books
 c - a book of Battle

   Spells                             Type                      Level
   a - Infusion                       Charms                       1
   b - Shroud of Golubria             Charms/Translocation         2
   c - Song of Slaying                Charms                       2
   d - Spectral Weapon                Hexes/Charms                 3
   e - Regeneration                   Charms/Necromancy            3
Comestibles
 d - 2 bread rations
 f - 4 fruits
 l - 3 meat rations


   Skills:
 - Level 2.1 Fighting
 * Level 5.7 Polearms
 - Level 0.6 Armour
 - Level 1.3 Dodging
 - Level 2.0 Spellcasting
 + Level 4.0 Charms


You had 4 spell levels left.
You knew the following spells:

 Your Spells              Type           Power        Failure   Level  Hunger
a - Infusion              Chrm           ##....       8%          1    ##.....
b - Shroud of Golubria    Chrm/Tloc      #.........   24%         2    ###....


Dungeon Overview and Level Annotations

Branches:
Dungeon (3/15)

Altars:


Message History

There is a stone staircase leading down here.
You climb downwards.
The hobgoblin hits you but does no damage.
The orc hits you with a whip.
There is a stone staircase leading up, spattered with blood here.
The orc hits you but does no damage. The hobgoblin closely misses you.
The orc priest hits you but does no damage.
You climb upwards.
There is a stone staircase leading down here.
You barely miss the orc priest. The hobgoblin hits you with a club.
The orc hits you with a whip. The orc priest barely misses you.
You hit the orc priest but do no damage.
The hobgoblin hits you but does no damage.
The orc hits you but does no damage.
The orc priest hits you with a hand axe!
You closely miss the orc priest. The orc closely misses you.
The hobgoblin barely misses you.
The orc priest calls down the wrath of Beogh upon you.
Something smites you!
You die...

.................########.#......
#..........###.#.##.......#...)..
#.................#.#######......
#.#######.#####...#.# #...... #.#
#.# #.....#)### #######
#.#######.# #.........# ####
#.#.......# #.....÷...# #...
..........###..g......# #.##
..........'...÷.@o....# #.#
..........#....#o###### #.#
..#.......#......# #.##
###.......#....##### #####...
..........#........# #.......
##........#........# #.###...
##.########........# #.###...
##.####............# #.#.....
#....##.###........# #.#.#.(.


You could see an orc priest, an orc and a hobgoblin.

Vanquished Creatures
  3 gnolls (D:2)
  An adder (D:2)
  A giant gecko (D:2)
  An orc (D:2)
  7 hobgoblins
  4 kobolds
  2 ball pythons
  3 bats
  3 giant newts
  3 goblins
  3 jackals (D:1)
  4 rats (D:2)
35 creatures vanquished.

Notes
Turn   | Place    | Note
--------------------------------------------------------------
     0 | D:1      | Lokkij, the Merfolk Skald, began the quest for the Orb.
     0 | D:1      | Reached XP level 1. HP: 16/16 MP: 3/3
   751 | D:1      | Reached XP level 2. HP: 22/22 MP: 5/5
   955 | D:2      | Reached skill level 4 in Polearms
  1193 | D:2      | Reached XP level 3. HP: 9/27 MP: 6/6
  1290 | D:2      | Reached skill level 5 in Polearms
  1565 | D:2      | Reached XP level 4. HP: 33/33 MP: 7/7
  1679 | D:2      | Learned a level 2 spell: Shroud of Golubria
  2162 | D:2      | Killed from afar by an orc priest

Action                   |  1- 3 |  4- 6 || total
-------------------------+-------+-------++-------
Melee: Spear             |    57 |       ||    57
       Halberd           |    22 |    16 ||    38
  Use: Potion            |     3 |       ||     3
       Scroll            |       |     7 ||     7
  Eat: Chunk             |     2 |     1 ||     3
